 Dungeon Crawl Stone Soup version 0.21-a0-163-g3aa3f5d (webtiles) character file.

63 zxpr0jk the Slasher (level 3, -1/28 HPs)
             Began as a Vampire Gladiator on Aug 6, 2017.
             Slain by an adder (4 damage)
             ... on level 2 of the Dungeon.
             The game lasted 00:02:23 (1064 turns).

zxpr0jk the Slasher (Vampire Gladiator)             Turns: 1064, Time: 00:02:24

Health: -1/28      AC:  6    Str: 16    XL:     3   Next: 87%
Magic:  3/3        EV: 14    Int: 10    God:
Gold:   110        SH:  0    Dex: 15    Spells: 2/2 levels left

rFire    . . .     SeeInvis +   a - +0 long sword
rCold    . . .     Gourm    .   (no shield)
rNeg     + . .     Faith    .   b - +0 leather armour
rPois    .         Spirit   .   c - +0 helmet
rElec    .         Reflect  .   (no cloak)
rCorr    .         Harm     .   (no gloves)
MR       +....                  (no boots)
Stlth    +.........             (no amulet)
HPRegen  0.09/turn              m - ring of protection from magic
MPRegen  0.08/turn              (no ring)

@: no status effects
A: fangs 3, icy blue scales 1, see invisible, strong 1, unbreathing, subdued
magic 1
a: Bat Form


You were on level 2 of the Dungeon.
You were not thirsty.

You visited 1 branch of the dungeon, and saw 2 of its levels.

You collected 110 gold pieces.

Inventory:

Hand Weapons
 a - a +0 long sword (weapon)
 n - a +3 falchion of draining
Armour
 b - a +0 leather armour (worn)
 c - a +0 helmet (worn)
Jewellery
 m - a ring of protection from magic (left hand)
Scrolls
 f - 3 scrolls of remove curse {unknown}
 g - a scroll of identify {unknown}
 i - a scroll of enchant armour {unknown}
 k - a scroll of blinking {unknown}
 l - 4 scrolls of enchant weapon {unknown}
Potions
 e - a potion of blood
 h - a potion of invisibility {unknown}
 j - a potion of curing


   Skills:
 + Level 2.3 Fighting
 * Level 4.0 Long Blades
 - Level 1.5 Throwing
 + Level 3.9 Dodging


You had 2 spell levels left.
You didn't know any spells.

Dungeon Overview and Level Annotations

Branches:
Dungeon (2/15)

Altars:


Innate Abilities, Weirdness & Mutations

You have razor-sharp teeth.
You have supernaturally acute eyesight. (SInv)
You can survive without breathing.
You are partially covered in icy blue scales. (AC +2)
Your muscles are strong. (Str +2)
Your spells are a little easier to cast, but a little less powerful.


Message History

The adder is caught in the net!
The adder is moderately wounded.
The adder struggles against the net.
You hit the adder. You bite the adder.
The adder is heavily wounded.
The adder struggles against the net.
You hit the adder.
The adder is almost dead.
The adder struggles against the net. x2
The net rips apart, and the adder comes free!
You closely miss the adder.
The adder is almost dead.
The adder misses you.
Throwing (i - inventory):
d - a throwing net (quivered)
Press: ? - help, Shift-Dir - straight line, f/p - adder
Aim: an adder (almost dead)
You throw a throwing net.
The throwing net barely misses the adder.
The adder bites you but does no damage. The adder bites you.
You die...

#.#####.#........#
.####........######
...#..#.#......... .
#.#..#.##†.#####.
.###†##.#.#.#.# #
#.(.).)†......# .#
.#.###..#.##### #.#
..## ##.#.# ####S# ##
).# #.#.# #..@## ..
..## ##.#.# ##.##>#.#
...# #....# ##......#
..#.....#.###.....###
..####..#.........#
..# #..# ###.....#
†.# #..# ##...##
..####..# ##.##
.......(# #.#


You could see an adder.

Vanquished Creatures
  Robin (D:2)
  An adder (D:2)
  An ooze (D:1)
  3 dart slugs
  3 bats
  A giant cockroach (D:2)
  7 goblins (D:2)
  5 hobgoblins
  3 jackals (D:2)
  2 kobolds
  A quokka (D:2)
  A frilled lizard (D:1)
  2 rats (D:1)
31 creatures vanquished.

Notes
Turn   | Place    | Note
-------+----------+-------------------------------------------
     0 | D:1      | zxpr0jk the Vampire Gladiator began the quest for the Orb.
     0 | D:1      | Reached XP level 1. HP: 16/16 MP: 1/1
   213 | D:1      | Reached XP level 2. HP: 22/22 MP: 2/2
   714 | D:2      | Reached XP level 3. HP: 21/27 MP: 3/3
   976 | D:2      | Noticed Robin
   990 | D:2      | Gained mutation: You have a pair of small horns on your head. [potion of mutation]
   990 | D:2      | Gained mutation: You are covered in fur. (AC +1) [potion of mutation]
   995 | D:2      | Killed Robin
   995 | D:2      | Reached skill level 4 in Long Blades
   996 | D:2      | HP: 1/28 [goblin/dagger[Robin] (1)]
  1023 | D:2      | Lost mutation: You have a pair of small horns on your head. [potion of mutation]
  1023 | D:2      | Lost mutation: You are covered in fur. (AC +1) [potion of mutation]
  1023 | D:2      | Gained mutation: You can translocate small distances at will. [potion of mutation]
  1023 | D:2      | Gained mutation: You have sharp fingernails. [potion of mutation]
  1024 | D:2      | Lost mutation: You can translocate small distances at will. [potion of mutation]
  1024 | D:2      | Lost mutation: You have sharp fingernails. [potion of mutation]
  1024 | D:2      | Gained mutation: Your muscles are strong. (Str +2) [potion of mutation]
  1024 | D:2      | Gained mutation: Your spells are a little easier to cast, but a little less powerful. [potion of mutation]
  1024 | D:2      | Gained mutation: You are partially covered in icy blue scales. (AC +2) [potion of mutation]
  1064 | D:2      | Slain by an adder

Vault maps used:
D:1:      moated_graveyard_arrival, hangedman_glass_teeth,
          minmay_close_crescents
D:2:      lemuel_doored_altar, grunt_ministairs_1, minivault_26, uniq_robin

Skill      XL: |  1  2  3 |
---------------+----------+-----
Fighting       | 2 |  2.3
Long Blades    | 4 |  4.0
Throwing       | |  1.5
Dodging        | |  3.9

Action                   || total
-------------------------++-------
Melee: Long sword        ||    81
       Bite              ||     5
       Headbutt          ||     2
Throw: Throwing net      ||     4
  Use: Potion            ||     4
 Stab: Sleeping          ||     2
       Held in net/web   ||     1
  Eat: Corpse            ||     4
Armor: Leather armour    ||    31
Dodge: Dodged            ||    72
       Rpst.: Long sword ||    21
